AoeStats
← 国贵陈厚

Arabia

509113407Analyzed
1v1 RM · 8d ago on Sep 25, 2026· 72m 47s· 2 players
Game mode
Random Map
Map size
Tiny (2 player)
Population
200
Speed
Normal
Resources
Standard
Victory
Conquest
Starting age
Dark Age
Ending age
Imperial Age
RankedLock teamsTeams togetherTeam positionsShared explorationLock speedFull tech treeHidden civsTurbo modeCheats
Victory
Defeat
🇨🇳 Mongols · China
952
+15
🇭🇰 Burmese · Hong Kong SAR China
926
-15
brianon99
4:51 Loom
10:17 Feudal Age
16:19 Castle Age
30:05 Wheelbarrow
43:44 Imperial Age
41:38 Scale Barding Armor
41:45 Forging
50:00 Heavy Cavalry Archer
50:04 Elite Skirmisher
55:33 Elite Battle Elephant
56:28 Bloodlines
57:04 Conscription
57:54 Howdah
58:41 Chain Barding Armor
58:27 Husbandry
59:28 Hand Cart
59:14 Gold Mining
国贵陈厚
11:25 Feudal Age
11:54 Double-Bit Axe
12:07 Horse Collar
15:06 Bloodlines
21:52 Castle Age
20:13 Stone Mining
20:29 Gold Mining
24:07 Husbandry
33:24 Heavy Plow
43:09 Padded Archer Armor
43:02 Fletching
43:55 Bow Saw
44:34 Ballistics
44:27 Bodkin Arrow
45:38 Loom
46:14 Leather Archer Armor
46:07 Scale Barding Armor
49:25 Wheelbarrow
51:00 Stone Shaft Mining
51:26 Gold Shaft Mining
55:04 Imperial Age
53:43 Hand Cart
54:21 Masonry
54:24 Forging
56:23 Conscription
57:08 Chemistry
55:57 Town Watch
60:39 Bracer
64:45 Pikeman
65:26 Squires
65:11 Arson
68:33 Squires
68:18 Arson
Connection lost

Rejoining the realm…

Still unreachable

The connection could not be restored.

Session expired

The server has moved on; the page needs a fresh start.